 Dungeon Crawl Stone Soup version 0.23.1 (webtiles) character file.

Game seed: 0

514 Fang the Skirmisher (level 7, -2/44 HPs)
             Began as a Gargoyle Berserker on Mar 18, 2019.
             Was a Priest of Trog.
             Slain by an ogre
             ... wielding a +0 giant spiked club
              (24 damage)
             ... on level 4 of the Dungeon.
             The game lasted 00:06:22 (4657 turns).

Fang the Skirmisher (Gargoyle Berserker)            Turns: 4657, Time: 00:06:23

Health: -2/44      AC:  9    Str: 22    XL:     7   Next: 20%
Magic:  7/7        EV: 13    Int:  8    God:    Trog [***...]
Gold:   233        SH:  0    Dex:  9    Spells: 6/6 levels left

rFire    + . .     SeeInvis .   a - +0 hand axe
rCold    . . .     Gourm    .   (no shield)
rNeg     + . .     Faith    .   b - +0 animal skin
rPois    ∞         Spirit   .   (no helmet)
rElec    +         Reflect  .   w - +1 cloak {rPois}
rCorr    .         Harm     .   (no gloves)
MR       .....                  (no boots)
Stlth    +.........             (no amulet)
HPRegen  0.14/turn              l - ring of protection from fire
MPRegen  0.10/turn              (no ring)

@: no status effects
A: negative energy resistance 1, electricity resistance, unbreathing,
petrification resistance, rot immunity, AC +4
a: Berserk, Trog's Hand, Renounce Religion


You were on level 4 of the Dungeon.
You worshipped Trog.
Trog was most pleased with you.
You were not hungry.

You visited 2 branches of the dungeon, and saw 5 of its levels.

You collected 233 gold pieces.

Inventory:

Hand Weapons
 a - a +0 hand axe (weapon)
Armour
 b - a +0 animal skin (worn)
 w - a +1 cloak of poison resistance (worn)
Jewellery
 l - a ring of protection from fire (left hand)
 s - a +3 ring of dexterity
Wands
 v - a wand of acid (7)
Scrolls
 d - 3 scrolls of enchant armour {unknown}
 e - 3 scrolls of magic mapping {unknown}
 f - 3 scrolls of remove curse {unknown}
 h - 7 scrolls of identify {unknown}
 p - a scroll of enchant weapon {unknown}
 t - 3 scrolls of teleportation {unknown}
 u - a scroll of amnesia {unknown}
 y - a scroll of fear {unknown}
Potions
 g - a potion of cancellation {unknown}
 i - 5 potions of curing {unknown}
 j - 4 potions of haste {unknown}
 k - a potion of berserk rage {unknown}
 m - a potion of invisibility {unknown}
 n - 2 potions of heal wounds {unknown}
 o - a potion of ambrosia {unknown}
 q - a potion of lignification {unknown}
 r - a potion of magic {unknown}
Comestibles
 c - 8 rations
 x - a chunk of flesh


   Skills:
 + Level 5.2 Fighting
 + Level 4.3 Axes
 + Level 4.4 Armour
 + Level 3.3 Dodging


You had 6 spell levels left.
You didn't know any spells.
Your spell library was empty.

Dungeon Overview and Level Annotations

Branches:
Dungeon (4/15)             Temple (1/1) D:4

Altars:
Sif Muna
Zin

Shops:
D:4 :


Innate Abilities, Weirdness & Mutations

You are resistant to torment.
Your stone body is resilient. (AC +4)
You are immune to poison.
You resist negative energy. (rN+)
You are resistant to electric shocks. (rElec)
You can survive without breathing.
You are immune to petrification.
You are immune to rotting.


Message History

You are too injured to fight recklessly!
You are too injured to fight recklessly!
You are too injured to fight recklessly!
You are too injured to fight recklessly!
You are too injured to fight recklessly!
You are too injured to fight recklessly!
You are too injured to fight recklessly!
You are too injured to fight recklessly!
You are too injured to fight recklessly!
You are too injured to fight recklessly!
You hit the ogre but do no damage.
The ogre is severely wounded.
The ogre closely misses you.
You barely miss the ogre.
The ogre is severely wounded.
You hit the ogre.
The ogre is severely wounded.
The ogre hits you with a +0 giant spiked club!!
Ouch! That really hurt!
You die...

#.....##..............[#########
#.....##...............#
#.....##...............#
#.....##...............#
##.....##...............#
#......###..............#
#.#+#### #>.............# ..#
#.............. ###
#......@O...... #
#.###'######### #.# ###.###
#.....# #.#.#.# #.#.#.# # #.#.#
#.#.#


You could see an ogre.

Vanquished Creatures
  The ghost of MuEpsilon the Gusty, an amateur TeAE (D:3)
  3 orc priests (D:3)
  A bullfrog skeleton (D:4)
  An iguana (D:4)
  Natasha (D:4)
  2 worker ants (D:4)
  7 adders
  3 river rats (D:3)
  An ooze (D:2)
  An adder skeleton (D:4)
  A worm (D:2)
  6 leopard geckos
  3 orcs
  5 giant cockroaches
  8 goblins
  9 hobgoblins
  15 jackals
  4 quokkas
  A ball python (D:3)
  9 bats
  A frilled lizard (D:1)
  5 kobolds
  9 rats
97 creatures vanquished.

Notes
Turn   | Place    | Note
-------+----------+-------------------------------------------
     0 | D:1      | Fang the Gargoyle Berserker began the quest for the Orb.
     0 | D:1      | Reached XP level 1. HP: 14/14 MP: 1/1
    66 | D:1      | Reached XP level 2. HP: 14/19 MP: 2/2
   679 | D:1      | Reached XP level 3. HP: 19/23 MP: 3/3
   999 | D:2      | Reached ** piety under Trog
  1491 | D:2      | Reached XP level 4. HP: 12/29 MP: 4/4
  1492 | D:2      | HP: 2/43 [worm (10)]
  2021 | D:2      | Reached skill level 4 in Fighting
  2303 | D:2      | Found a glowing silver altar of Zin.
  2305 | D:2      | Found a deep blue altar of Sif Muna.
  2583 | D:3      | Reached XP level 5. HP: 33/33 MP: 5/5
  2591 | D:3      | Found a runed translucent door.
  2596 | D:3      | Noticed MuEpsilon's ghost (amateur TeAE)
  2624 | D:3      | Found a runed translucent door.
  2649 | D:3      | HP: 2/49 [MuEpsilon's ghost (4)]
  2651 | D:3      | Killed MuEpsilon's ghost
  2651 | D:3      | Reached XP level 6. HP: 2/39 MP: 6/6
  3018 | D:3      | Reached *** piety under Trog
  3865 | D:4      | Reached skill level 5 in Fighting
  4100 | D:4      | Found Musauf's Book Boutique.
  4148 | D:4      | Reached XP level 7. HP: 9/44 MP: 7/7
  4486 | D:4      | Found a staircase to the Ecumenical Temple.
  4488 | D:4      | Noticed Natasha
  4505 | D:4      | Killed Natasha
  4514 | Temple   | Entered the Ecumenical Temple
  4657 | D:4      | Slain by an ogre

Skill      XL: |  1  2  3  4  5  6 |
---------------+-------------------+-----
Axes           | 3 4 |  4.3
Dodging        | 2 3 |  3.3
Armour         | 3 4 |  4.4
Fighting       | 4 5 |  5.2

Action                   |  1- 3 |  4- 6 |  7- 9 || total
-------------------------+-------+-------+-------++-------
Melee: Hand axe          |   156 |   207 |    40 ||   403
Invok: Berserk           |     1 |     2 |       ||     3
       Trog's Hand       |       |     1 |       ||     1
  Eat: Chunk             |     2 |    12 |     2 ||    16
Armor: Animal skin       |    73 |    66 |    10 ||   149
Dodge: Dodged            |    99 |   163 |    30 ||   292
